 Dungeon Crawl Stone Soup version 0.29.0-13-gc9e81de378 (webtiles) character file.

Game seed: 5759188449904629206

127 concernfroge the Trooper (level 4, -33/40 HPs)
             Began as a Mummy Monk on Sept 10, 2022.
             Killed by an exploding ogre (43 damage)
             ... ignited by their inner flame
             ... on level 4 of the Dungeon.
             The game lasted 00:10:02 (3245 turns).

concernfroge the Trooper (Mummy Monk)               Turns: 3245, Time: 00:10:02

Health: -33/40     AC:  7    Str: 16    XL:     4   Next: 85%
Magic:  4/4        EV: 11    Int:  9    God:
Gold:   209        SH:  0    Dex: 20    Spells: 3/3 levels left

rFire   . . .      SeeInvis .   a - +0 spear (flame)
rCold   . . .      Faith    .   (no shield)
rNeg    + + +      Spirit   .   o - +0 ring mail
rPois   ∞          Reflect  .   (no helmet)
rElec   .          Harm     .   (no cloak)
rCorr   .          Rampage  .   f - +0 pair of gloves
Will    .....                   i - +0 pair of boots
Stlth   ++........              (no amulet)
HPRegen 0.13/turn               e - +6 ring of dexterity
MPRegen 0.09/turn               d - ring of fire

@: no status effects
A: cold resistance 1, negative energy resistance 3, torment resistance 2, heat
vulnerability 1, in touch with death 1, no potions
a: no special abilities


You were on level 4 of the Dungeon.
You visited 1 branch of the dungeon, and saw 4 of its levels.

You collected 209 gold pieces.

Inventory:

Hand Weapons
 a - a +0 spear of flaming (weapon)
Missiles
 h - 5 boomerangs
 j - 3 poisoned darts
 l - 2 datura-tipped darts
 m - 3 atropa-tipped darts (quivered)
Armour
 f - a +0 pair of gloves (worn)
 i - a +0 pair of boots (worn)
 o - a +0 ring mail (worn)
Jewellery
 d - a ring of fire (right hand)
 e - a +6 ring of dexterity (left hand)
Scrolls
 g - a scroll of vulnerability


   Skills:
 + Level 5.6 Fighting
 - Level 2.4 Polearms
 - Level 2.4 Dodging
 - Level 1.5 Stealth


You had 3 spell levels left.
You didn't know any spells.
Your spell library contained the following spells:

 Spells                   Type           Power      Damage    Failure   Level
 Portal Projectile        Hex/Tloc       0%         N/A       93%         3
 Tukima's Dance           Hex            0%         N/A       93%         3
 Blade Hands              Tmut           Unusable   N/A       N/A         5

Dungeon Overview and Level Annotations

Branches:
Dungeon (4/15)
 Temple: D:4-7

Altars:

Annotations:
D:2 Sigmund


Innate Abilities, Weirdness & Mutations

You are immune to poison.
Your flesh is cold resistant. (rC+)
You are immune to negative energy. (rN+++)
You are immune to unholy pain and torment.
You are vulnerable to heat. (rF-)
You are in touch with the powers of death.
You do not drink.


Message History

Throw: 5 darts (atropa)
Press: ? - help, Q - select action, (/) - cycle Shift-Dir - straight line, f/p - ogre
Aim: an ogre, wielding a +0 giant spiked club (inner flame, 77% to hit, chance to blind on hit: 41%)
You throw an atropa-tipped dart. The atropa-tipped dart hits the ogre.
The ogre appears confused.
The scorpion zombie barely misses you.
Okay, then.
Throw: throwing net
Press: ? - help, Q - select action, (/) - cycle Shift-Dir - straight line, f - scorpion zombie, p - ogre
Aim: a scorpion zombie (heavily damaged, inner flame, 81% to hit)
You throw a throwing net.
The throwing net hits the scorpion zombie.
The scorpion zombie is caught in the net!
The scorpion zombie is heavily damaged.
The ogre seems less confused.
The scorpion zombie struggles against the net.
The scorpion zombie struggles against the net.
The ogre hits you but does no damage.
The scorpion zombie struggles against the net.
The ogre is no longer blind.
The ogre barely misses you.
The scorpion zombie struggles against the net.
Throw: 4 darts (atropa)
Press: ? - help, Q - select action, (/) - cycle Shift-Dir - straight line, f - ogre, p - scorpion zombie
Aim: an ogre, wielding a +0 giant spiked club (inner flame, 77% to hit, chance to blind on hit: 41%)
You throw an atropa-tipped dart. The atropa-tipped dart hits the ogre.
The ogre appears confused.
The scorpion zombie struggles against the net.
The ogre hits itself with a +0 giant spiked club!!
Flame seeps out of the ogre.
The ogre seems less confused.
The scorpion zombie struggles against the net.
The net rips apart, and the scorpion zombie comes free!
Okay, then.
Okay, then.
The scorpion zombie hits you but does no damage.
The ogre is engulfed in blazing flames.
The ogre explodes!
The fiery explosion engulfs you!!!
Ouch! That really hurt!
You die...

#.....##
#......##
#........
#...8..#
##......#.
.Z.......
#ZZ......
#Z# #@#
#°# #§#
#.# #.#
#.# ...
...


You could see a hound zombie (inner flame), a scorpion zombie (inner flame), an
adder skeleton (inner flame) and a hound skeleton (inner flame).

Vanquished Creatures
  An ogre (D:4)
  An iguana (D:3)
  A hound skeleton (D:4)
  An adder (D:3)
  An ufetubus (D:3)
  A worm (D:2)
  2 dart slugs
  4 endoplasms
  3 giant cockroaches
  9 goblins
  8 hobgoblins
  4 jackals (D:1)
  2 quokkas
  7 ball pythons
  3 bats (D:1)
  5 frilled lizards (D:1)
  6 kobolds
  5 rats
64 creatures vanquished.

Notes
Turn   | Place    | Note
-------+----------+-------------------------------------------
     0 | D:1      | concernfroge the Mummy Monk began the quest for the Orb.
     0 | D:1      | Reached XP level 1. HP: 18/18 MP: 1/1
   137 | D:1      | Reached XP level 2. HP: 14/24 MP: 2/2
   426 | D:1      | Reached skill level 4 in Fighting
   442 | D:1      | Found a faded altar of an unknown god.
   616 | D:1      | Gained mutation: You are in touch with the powers of death.
                  | [Mummy growth]
   616 | D:1      | Reached XP level 3. HP: 30/30 MP: 3/3
  1595 | D:2      | Noticed Sigmund
  2100 | D:3      | Reached XP level 4. HP: 37/38 MP: 4/4
  2409 | D:3      | Reached skill level 5 in Fighting
  3222 | D:4      | Noticed an ogre
  3245 | D:4      | Killed an ogre
  3245 | D:4      | Killed by an exploding ogre... ignited by their inner flame

Illustrated notes

Levels and vault maps discovered:
D:1:      heliophobic_arrival_glass_houses, layout_loops_ring,
          chequers_ecumenical_altar_island, minmay_indecisive_spiral
D:2:      layout_loops_ring, uniq_sigmund, uniq_crazy_yiuf_cottage
D:3:      layout_basic, mainiacjoe_overflow_brackets, dreamdust_wishing_well,
          minmay_misc_feat_enclosed
D:4:      minmay_chambers_of_fours, layout_rooms,
          mainiacjoe_overflow_small_starburst, dancing_weapons_uskayaw,
          enter_ossuary_4, serial_shops, nicolae_stop_n_shop_2,
          nicolae_inconvenience_store, shop, kennysheep_mini_moat,
          nicolae_shop_waterfront, serial_undead, serial_undead_e,
          serial_undead_f, serial_undead_e, serial_undead_f, serial_undead_a,
          serial_undead_d, grunt_ministairs_12, dreamdust_princess_bridge

Skill      XL: |  1  2  3  4 |
---------------+-------------+-----
Fighting       | 4 5 |  5.6
Polearms       | |  2.4
Dodging        | |  2.4
Stealth        | |  1.5

Action                   |  1- 3 |  4- 6 || total
-------------------------+-------+-------++-------
Melee: Spear             |   195 |    82 ||   277
       Punch             |     1 |     2 ||     3
Throw: Dart              |       |    12 ||    12
       Throwing net      |       |     2 ||     2
       Boomerang         |       |     2 ||     2
  Use: Scroll            |     3 |     3 ||     6
 Stab: Sleeping          |     3 |     1 ||     4
       Distracted        |     1 |       ||     1
Armor: Robe              |    35 |     4 ||    39
       Ring mail         |       |    14 ||    14
Dodge: Dodged            |   103 |    59 ||   162
